AoeStats
← kirbygus

Black Forest

504655771Analyzed
4v4 RM · 27d ago on Sep 6, 2026· 56m 22s· 8 players
Game mode
Random Map
Map size
Large (8 player)
Population
200
Speed
Normal
Resources
Standard
Victory
Conquest
Starting age
Dark Age
Ending age
Imperial Age
RankedLock teamsTeams togetherTeam positionsShared explorationLock speedFull tech treeHidden civsTurbo modeCheats
Victory
Defeat
🇲🇽 Aztecs · Mexico
965
+12
🇮🇳 Maya · India
910
+14
🇵🇱 Spanish · Poland
872
+15
846
+16
🇲🇽 Spanish · Mexico
923
-17
🇲🇽 Mongols · Mexico
916
-16
🇲🇽 Huns · Mexico
824
-17
🇲🇽 Aztecs · Mexico
785
-11
rikbandy
0:26 Loom
12:34 Feudal Age
15:00 Horse Collar
15:28 Fletching
20:28 Castle Age
19:17 Gold Mining
21:40 Double-Bit Axe
22:08 Bodkin Arrow
24:07 Bow Saw
24:00 Heavy Plow
23:42 Crossbowman
29:19 Wheelbarrow
30:00 Ballistics
31:16 Hand Cart
31:37 Town Watch
35:15 Imperial Age
33:38 Padded Archer Armor
35:00 Thumb Ring
35:13 Leather Archer Armor
35:43 Stone Mining
35:27 Arbalester
37:10 Chemistry
36:13 Bracer
36:44 Ring Archer Armor
37:14 Masonry
38:22 Squires
38:07 Arson
37:42 Eagle Warrior
39:24 Caravan
39:55 Coinage
39:35 Guilds
39:40 Pikeman
40:40 Scale Mail Armor
40:51 Forging
40:25 Halberdier
41:36 Chain Mail Armor
42:47 Iron Casting
43:10 Conscription
43:22 Holcans
43:29 Hoardings
43:36 Plate Mail Armor
44:09 Stone Shaft Mining
44:33 Architecture
43:58 Murder Holes
43:44 Treadmill Crane
45:58 Blast Furnace
46:39 Elite Eagle Warrior
47:25 Onager
MadKitten 77
5:03 Loom
11:34 Feudal Age
16:20 Castle Age
16:04 Double-Bit Axe
16:02 Horse Collar
17:58 Wheelbarrow
25:21 Fletching
31:28 Bow Saw
31:40 Eagle Warrior
32:05 Arson
32:21 Squires
32:07 Gambesons
35:04 Imperial Age
33:04 Hand Cart
32:55 Pikeman
32:56 Man-at-Arms
34:47 Forging
34:37 Scale Mail Armor
34:40 Gold Mining
34:41 Stone Mining
35:26 Scale Mail Armor
36:06 Iron Casting
34:59 Long Swordsman
36:14 Conscription
36:18 Garland Wars
35:39 Elite Eagle Warrior
36:38 Chain Mail Armor
36:43 Bodkin Arrow
37:30 Conscription
36:47 Capped Ram
37:10 Two-Handed Swordsman
43:58 Siege Ram
53:57 Plate Mail Armor
54:50 Blast Furnace
RockReborn
13:39 Feudal Age
14:22 Double-Bit Axe
14:19 Horse Collar
18:15 Castle Age
18:15 Wheelbarrow
20:32 Bow Saw
21:42 Heavy Plow
23:45 Caravan
24:54 Gold Mining
27:41 Hand Cart
27:46 Husbandry
28:00 Bloodlines
28:10 Town Watch
31:52 Scale Barding Armor
31:58 Forging
35:15 Imperial Age
34:00 Stone Mining
35:11 Town Patrol
37:02 Chain Barding Armor
37:18 Iron Casting
36:33 Fletching
36:44 Padded Archer Armor
36:45 Scale Mail Armor
36:18 Elite Conquistador
38:06 Supremacy
37:18 Cavalier
38:38 Loom
40:18 Plate Barding Armor
40:43 Blast Furnace
39:53 Bodkin Arrow
40:46 Stone Shaft Mining
41:31 Paladin
50:10 Chain Mail Armor
50:11 Leather Archer Armor
49:56 Bracer
Potatoes are my favourite fruit
0:45 Loom
11:33 Feudal Age
15:45 Castle Age
13:41 Double-Bit Axe
14:06 Horse Collar
15:59 Wheelbarrow
17:14 Bow Saw
17:17 Heavy Plow
24:04 Hand Cart
23:53 Gold Mining
24:08 Stone Mining
25:34 Gold Shaft Mining
27:54 Stone Shaft Mining
31:21 Imperial Age
28:50 Fletching
29:25 Ballistics
29:07 Squires
30:18 Bodkin Arrow
31:33 Town Watch
31:50 Padded Archer Armor
31:52 Scale Mail Armor
32:02 Forging
32:02 Bracer
31:29 Heavy Rocket Cart
33:22 Chemistry
32:32 Masonry
32:19 Murder Holes
31:48 Crossbowman
32:34 Thumb Ring
31:55 Pikeman
32:54 Leather Archer Armor
33:48 Rocketry
34:53 Conscription
36:21 Ring Archer Armor
35:52 Scale Mail Armor
36:03 Forging
36:07 Caravan
35:53 Elite Chu Ko Nu
55:09 Chain Mail Armor
55:29 Iron Casting
55:30 Architecture
XJerkX
0:27 Loom
13:00 Feudal Age
17:39 Castle Age
16:39 Double-Bit Axe
18:36 Bow Saw
19:15 Horse Collar
24:50 Fletching
28:49 Bodkin Arrow
29:56 Gold Mining
29:56 Stone Mining
30:14 Padded Archer Armor
30:36 Town Watch
31:26 Wheelbarrow
31:51 Leather Archer Armor
36:21 Imperial Age
33:52 Town Patrol
33:59 Scale Barding Armor
35:30 Chain Barding Armor
37:32 Conscription
38:26 Chemistry
37:34 Bracer
38:35 Parthian Tactics
38:15 Thumb Ring
38:13 Husbandry
38:23 Bloodlines
37:37 Light Cavalry
39:09 Hoardings
39:13 Forging
39:08 Elite Mangudai
40:06 Fortified Wall
40:07 Masonry
39:53 Murder Holes
41:01 Siege Engineers
41:17 Ballistics
41:35 Iron Casting
41:54 Hand Cart
43:41 Blast Furnace
44:32 Gold Shaft Mining
44:34 Stone Shaft Mining
45:32 Hussar
46:30 Heavy Plow
47:07 Drill
fabianguerra07
4:56 Loom
5:41 Loom
12:41 Feudal Age
17:52 Castle Age
16:14 Double-Bit Axe
18:40 Horse Collar
20:49 Wheelbarrow
20:43 Bow Saw
20:27 Gold Mining
20:27 Stone Mining
22:56 Heavy Plow
23:26 Stone Mining
25:12 Stone Shaft Mining
25:49 Gold Shaft Mining
27:49 Forging
27:40 Scale Mail Armor
28:45 Hand Cart
28:15 Town Watch
28:18 Loom
31:43 Iron Casting
31:23 Chain Mail Armor
30:45 Eagle Warrior
31:11 Arson
33:03 Murder Holes
33:29 Ballistics
32:50 Treadmill Crane
33:37 Ballistics
33:04 Elite Skirmisher
34:23 Town Patrol
35:51 Fletching
36:02 Padded Archer Armor
36:44 Bodkin Arrow
39:44 Imperial Age
40:28 Onager
41:42 Leather Archer Armor
41:27 Bracer
41:36 Atlatl
43:12 Pikeman
46:43 Blast Furnace
46:13 Plate Mail Armor
52:32 Crop Rotation
53:49 Gambesons
54:05 Squires
kirbygus
13:49 Feudal Age
14:13 Horse Collar
14:24 Double-Bit Axe
18:10 Bloodlines
23:14 Castle Age
23:00 Forging
23:42 Bloodlines
25:37 Iron Casting
26:08 Gold Mining
26:14 Stone Mining
27:26 Heavy Plow
29:14 Gold Shaft Mining
28:03 Pikeman
28:46 Squires
29:07 Husbandry
29:16 Scale Mail Armor
29:21 Scale Barding Armor
31:55 Chain Barding Armor
31:52 Chain Mail Armor
34:13 Bow Saw
34:06 Fletching
34:40 Elite Skirmisher
35:28 Thumb Ring
39:56 Ballistics
42:31 Imperial Age
47:54 Murder Holes
51:51 Imperial Age
Jorgexld
2:43 Loom
11:34 Feudal Age
12:10 Double-Bit Axe
12:07 Horse Collar
13:43 Wheelbarrow
19:37 Castle Age
18:53 Gold Mining
18:53 Stone Mining
23:20 Bow Saw
26:46 Heavy Plow
27:40 Hand Cart
30:09 Stone Shaft Mining
31:56 Light Cavalry
32:48 Bloodlines
32:39 Husbandry
35:25 Imperial Age
34:37 Inquisition
35:12 Ballistics
35:11 Masonry
34:57 Murder Holes
35:15 Scale Barding Armor
35:10 Scale Mail Armor
35:21 Forging
35:03 Fletching
35:13 Padded Archer Armor
35:50 Cavalier
35:52 Hussar
37:42 Paladin
39:57 Chain Barding Armor
39:52 Chain Mail Armor
40:12 Iron Casting
41:34 Supremacy
43:07 Plate Mail Armor
43:12 Plate Barding Armor
45:03 Blast Furnace
45:07 Chemistry
51:00 Caravan
51:31 Coinage
51:12 Guilds
52:44 Bodkin Arrow
53:04 Leather Archer Armor
Connection lost

Rejoining the realm…

Still unreachable

The connection could not be restored.

Session expired

The server has moved on; the page needs a fresh start.